 Dungeon Crawl Stone Soup version 0.30-a0-937-ga0a21ad780 (webtiles) character file.

Game seed: 11493267439534284253

435 2tousent the Grave Robber (level 6, -4/46 HPs)
             Began as a Demonspawn Necromancer on Mar 25, 2023.
             Was an Initiate of Cheibriados.
             Slain by a gnoll
             ... wielding a +0 halberd
              (7 damage)
             ... on level 5 of the Dungeon.
             The game lasted 00:11:09 (4280 turns).

2tousent the Grave Robber (Demonspawn Necromancer)  Turns: 4280, Time: 00:11:09

Health: -4/46      AC:  6    Str:  9    XL:     6   Next: 68%
Magic:  0/9        EV: 13    Int: 20    God:    Cheibriados [......]
Gold:   114        SH:  0    Dex: 14    Spells: 2/10 levels left

rFire   . . .      SeeInvis .    c - +0 dagger
rCold   . . .      Faith    .    (no shield)
rNeg    . . .      Spirit   .    a - +0 robe
rPois   .          Reflect  .    (no helmet)
rElec   .          Rampage  .    s - +1 cloak
rCorr   .                        (no gloves)
Will    .....                    (no boots)
Stlth   ++                       (no amulet)
HPRegen 0.27/turn                (no ring)
MPRegen 0.11/turn                (no ring)

@: lethally poisoned (-4 -> -9), animating dead, very slow
A: hooves 1, yellow scales 1, powered by pain 1, demonic magic 1
a: Renounce Religion


You were on level 5 of the Dungeon.
You worshipped Cheibriados.
Cheibriados was noncommittal.
You visited 2 branches of the dungeon, and saw 6 of its levels.

You collected 114 gold pieces.

Inventory:

Hand Weapons
 c - a +0 dagger (weapon)
Armour
 a - a +0 robe (worn)
 s - a +1 cloak (worn)
Jewellery
 n - an amulet of magic regeneration
Wands
 j - a wand of light (10)
 p - a wand of flame (25)
Scrolls
 e - a scroll of identify
 q - a scroll of fog
Potions
 b - a potion of magic
 d - a potion of resistance
 g - a potion of degeneration
 h - a potion of mutation
 o - a potion of flight
 t - a potion of lignification
 u - a potion of invisibility {unknown}
 v - a potion of might {unknown}


   Skills:
 + Level 2.7 Fighting
 + Level 3.3 Dodging
 - Level 3.0 Stealth
 - Level 2.5 Spellcasting
 * Level 6.6 Necromancy


You had 2 spell levels left.
You knew the following spells:

 Your Spells              Type           Power      Damage    Failure   Level
a - Necrotise             Necr           100%       1d9       1%          1
b - Vampiric Draining     Necr           28%        2d8       3%          3
c - Animate Dead          Necr           28%        N/A       10%         4

Your spell library contained the following spells:

 Spells                   Type           Power      Damage    Failure   Level
 Cigotuvi's Dreadful Rot  Necr/Pois/Air  22%        N/A       10%         2
 Beastly Appendage        Tmut           4%         N/A       16%         1
 Wereblood                Tmut           2%         N/A       22%         2
 Agony                    Necr           28%        N/A       28%         5
 Spider Form              Tmut/Pois      2%         N/A       41%         3
 Petrify                  Tmut/Erth      2%         N/A       83%         4
 Eringya's Noxious Bog    Tmut/Pois      1%         N/A       100%        6
 Necromutation            Tmut/Necr      7%         N/A       100%        8


Dungeon Overview and Level Annotations

Branches:
Dungeon (5/15)             Temple (1/1) D:5

Altars:
Ashenzari
Cheibriados
Fedhas
Gozag
Kikubaaqudgha
Nemelex Xobeh
Qazlal
Trog
Uskayaw
Wu Jian
Xom
Yredelemnul

Shops:
D:5 :


Innate Abilities, Weirdness & Mutations

You have large cloven feet.
You are partially covered in yellow scales. (AC +2)
You sometimes gain a little power by taking damage.
Spells you cast may paralyse adjacent enemies.


Message History

As you read the scroll labelled AZORIE VOLOR, it crumbles to dust.
You feel aware of your surroundings.
You sensed 1 shop/portal.
It was a scroll of magic mapping.
The gnoll barely misses you.
The gnoll hits you from afar with a +0 halberd.
As you read the scroll labelled KURCHY CUINISTRA, it crumbles to dust.
It is a scroll of enchant armour.
Your +0 cloak glows green for a moment.
The gnoll barely misses you. x2
Okay, then.
You are too injured to fight recklessly!
You feel much better. The gnoll closely misses you. The gnoll misses you.
Casting: Necrotise (safe; 1% risk of failure)
Confirm with . or Enter, or press ? or * to list all spells.
Aiming: Necrotise (safe; 1% risk of failure)
Press: ? - help, Shift-Dir - straight line, f/p - gnoll
Aim: a gnoll, wielding a +0 halberd (heavily wounded, chance to affect: 88%)
The gnoll writhes in agony.
Malevolent energies surge around you.
The gnoll hits you from afar with a +0 halberd!
The gnoll hits you from afar with a +0 halberd.
Really walk into that cloud of poison gas? [Y]es or [N]o only, please.
Really walk into that cloud of poison gas?
You are engulfed in poison gas.
You are poisoned.
You feel very sick. The gnoll hits you with a +0 halberd!
The gnoll barely misses you. The gnoll closely misses you.
The gnoll misses you. The gnoll hits you with a +0 halberd.
The gnoll misses you.
Unknown command.
You feel much better.
You are engulfed in poison gas.
You are more poisoned.
You feel very sick. The gnoll closely misses you.
The gnoll hits you but does no damage.
The gnoll hits you from afar with a +0 halberd!
You feel better.
You are engulfed in poison gas.
You are poisoned.
You feel sick. The gnoll barely misses you.
The gnoll hits you with a +0 halberd. The gnoll misses you.
The gnoll attacks as you move away! The gnoll hits you with a +0 halberd!
* * * LOW HITPOINT WARNING * * *
x2 You feel sick.
The gnoll hits you from afar with a +0 halberd!
You die...

*,,*..,*...#* ##..#...#...
**,.°§..##☼☼## ##..##...##..
***,,.§§#.#☼§§○# #..##.....##.
*,*,,.§°§§§°§§°###.##..#.#..##
**,,,,.○☼§○§§§○°§#.....##.##...
*,,,,,.#○§§§#°○☼§#....##...##..
**,,,,..§○°§§§☼§○#..§....>.....
***,,...##§°§☼§#§§☼☼.##...##..
**,...##gg○@§§§§§§..##.##...
**,.○°§§§g§☼§§○○°##..#.#..##
**,,.#§○☼§#§☼°°#○§§##.....##.
**,,,.☼°☼§.g○°○§☼§.○.##...##..
*,,,,.§☼☼..§○☼○☼☼°°...#...#..#
*,*,,.☼☼.§§§☼°°°°°§°........##
*,,*,.°.°.○°§§○°○§☼○..###...#
****,..°§○○§°§§☼○§○°..#*#..##
*,,,,,,,................#*


You could see 4 gnolls.

Vanquished Creatures
  A phantom (D:4)
  A scorpion (D:4)
  A hound (D:4)
  A jelly (D:4)
  Jessica (D:2)
  2 iguanas (D:4)
  An orc wizard (D:4)
  Robin (D:2)
  5 adders
  2 worms (D:2)
  5 dart slugs
  3 orcs
  3 ball pythons (D:1)
  4 endoplasms
  6 giant cockroaches
  13 goblins
  3 hobgoblins
  6 quokkas
  5 bats
  A frilled lizard (D:1)
  7 kobolds
  4 rats (D:2)
76 creatures vanquished.

Vanquished Creatures (others)
  A quokka (D:2)
  6 goblin zombies (D:2)
  6 fungi (D:2)
  11 plants
24 creatures vanquished.

Grand Total: 100 creatures vanquished

Notes
Turn   | Place    | Note
-------+----------+-------------------------------------------
     0 | D:1      | 2tousent the Demonspawn Necromancer began the quest for the
                  | Orb.
     0 | D:1      | Reached XP level 1. HP: 13/13 MP: 3/3
   405 | D:1      | Gained mutation: Spells you cast may paralyse adjacent
                  | enemies. [demonic ancestry]
   405 | D:1      | Reached XP level 2. HP: 15/20 MP: 0/5
   690 | D:1      | You fall into a shaft and drop 1 floor!
   847 | D:2      | Noticed Jessica
   854 | D:2      | Reached skill level 1 in Fighting
   854 | D:2      | Gained mutation: You sometimes gain a little power by
                  | taking damage. [demonic ancestry]
   854 | D:2      | Reached XP level 3. HP: 26/26 MP: 4/6
   865 | D:2      | Killed Jessica
   866 | D:2      | Reached skill level 5 in Necromancy
   920 | D:2      | Learned a level 3 spell: Vampiric Draining
  1005 | D:2      | Gained mutation: You are partially covered in yellow
                  | scales. (AC +2) [demonic ancestry]
  1005 | D:2      | Reached XP level 4. HP: 32/32 MP: 5/7
  1032 | D:2      | Learned a level 4 spell: Animate Dead
  1090 | D:2      | Got Sif Muna's Atlas of Reformation and the Sky
  1142 | D:2      | Found a faded altar of an unknown god.
  1275 | D:2      | Noticed Robin
  1323 | D:2      | Killed Robin
  2086 | D:3      | Reached XP level 5. HP: 38/38 MP: 4/8
  2460 | D:4      | Reached skill level 6 in Necromancy
  2537 | D:4      | Gained mutation: You have large cloven feet. [demonic
                  | ancestry]
  2537 | D:4      | Reached XP level 6. HP: 28/44 MP: 7/9
  4020 | D:5      | Entered Level 5 of the Dungeon
  4020 | D:5      | Found Ary Girph's Book Emporium.
  4067 | D:5      | Found a staircase to the Ecumenical Temple.
  4218 | Temple   | Entered the Ecumenical Temple
  4240 | Temple   | Became a worshipper of Cheibriados the Contemplative
  4272 | D:5      | Identified a scroll of acquirement
  4272 | D:5      | Acquired the +0 mask of the Dragon {Will+ Slay+3 SInv}
  4272 | D:5      | Found the +0 mask of the Dragon {Will+ Slay+3 SInv}
  4280 | D:5      | Slain by a gnoll

Illustrated notes

Levels and vault maps discovered:
D:1:      dpeg_cavernosity, layout_basic, grunt_decor_mini_mirrors
D:2:      layout_loops_cross, shapermc_ecumenical_altar_mp_ritualfount,
          kennysheep_jessica_study, uniq_robin
D:3:      layout_basic, uniq_jessica
D:4:      layout_layer_cave, chequers_serial_rivers_room_a,
          chequers_serial_rivers_small_3, corexii_shack
D:5:      layout_layer_cave, minmay_temple_entry_waves,
          gammafunk_ghost_abyssal_escape, serial_shops, nicolae_stop_n_shop_1,
          skrybe_limestone_x, st_stairs_6, kennysheep_generic_room_13
Temple:   hellmonk_temple_two_chambers

Skill      XL: |  1  2  3  4  5  6 |
---------------+-------------------+-----
Dodging        | 2 3 |  3.3
Fighting       | 1 2 |  2.7
Necromancy     | 5 6 |  6.6
Stealth        | 2 3 |  3.0
Spellcasting   | |  2.5

Action                     |  1- 3 |  4- 6 || total
---------------------------+-------+-------++-------
  Melee: Unarmed           |    17 |       ||    17
         Punch             |     2 |     2 ||     4
         Dagger            |    52 |   160 ||   212
         Kick              |       |    20 ||    20
   Cast: Necrotise         |    29 |    45 ||    74
         Animate Dead      |       |     4 ||     4
         Vampiric Draining |       |     4 ||     4
    Use: Scroll            |       |    12 ||    12
         Potion            |       |     5 ||     5
   Stab: Paralysed         |     9 |    10 ||    19
         Sleeping          |     3 |     5 ||     8
 Armour: Robe              |    19 |    34 ||    53
  Dodge: Dodged            |    36 |   109 ||   145

Table legend: (Time is in decaauts)
 A = Elapsed time spent in this place.
 B = Non-inter-level travel time spent in this place.
 C = Inter-level travel time spent in this place.
 D = Time resting spent in this place.
 E = Time spent auto-exploring this place.
 F = Levels seen in this place.
 G = Mean time per level.
                   A        B        C        D        E       F      G
               +--------+--------+--------+--------+--------+-----+--------+
         Total |   4289 |   4223 |     66 |    106 |   3431 |   6 |  714.8 |
       Dungeon |   4259 |   4193 |     66 |    106 |   3431 |   5 |  851.8 |
        Temple |     29 |     29 |      0 |      0 |      0 |   1 |   29.0 |
               +--------+--------+--------+--------+--------+-----+--------+

Top non-repeatable levels by time:
     D:4: 1653 daAuts
     D:2: 953 daAuts
     D:3: 726 daAuts
     D:1: 689 daAuts
     D:5: 235 daAuts
  Temple: 29 daAuts
